Map: King's Cove LE

Players

Rob

  • Race: Protoss Protoss
  • League: Grandmaster
  • Spawn Location: 11:00

Jason - Winner!

  • Race: Terran Terran
  • League: Grandmaster
  • Spawn Location: 5:00

VOD

Have the link to the VOD?

Description

Time

  • Played on: May 13, 2019, 12:22 p.m.
  • Length: 7:25
Show
View Real Time Build Order
Export as new Build Order

Rob Protoss 

Build Orders: 1 Gate Expand 

Get SALT Encoding   

  12  0:00  Probe  
  13  0:12  Probe  
  14  0:17  Pylon  
  14  0:24  Probe  
  15  0:32  Probe  
  15  0:37  Gateway  
  15  0:40  Probe  
  16  0:48  Assimilator  
  17  0:51  Probe  
  18  1:03  Probe  
  19  1:15  Probe  
  20  1:25  Cybernetics Core  
  20  1:34  Nexus  
  20  1:40  Pylon  
  20  1:43  Probe  
  21  1:51  Adept  
  21  1:53  Assimilator  
  21  1:55  Probe  
  24  2:01  Warp Gate  
  24  2:09  Probe  
  24  2:11  Stalker  
  25  2:21  Probe  
  28  2:33  Probe  
  28  2:34  Adept  
  29  2:40  Stargate  
  31  2:46  Probe x2  
  35  2:59  Stalker  
  35  3:04  Shield Battery  
  35  3:10  Pylon  
  35  3:23  Stalker, Void Ray  
  41  3:37  Gateway  
  41  3:44  Gateway  
  41  3:53  Void Ray  
  41  4:02  Stalker  
  41  4:31  Stalker  
  41  4:32  Stalker  
  45  4:39  Stalker  
  41  5:03  Stalker x3  
  31  5:29  Stalker x3  
  37  5:36  Gateway  
  37  5:37  Gateway  
  37  5:53  Stalker  
  37  5:54  Stalker  
  37  5:55  Zealot  
  37  6:14  Stalker x2  
  37  6:17  Stalker  
  28  6:37  Stalker  
  28  6:38  Zealot x2  
  28  6:39  Stalker  
  34  6:43  Stalker  
  32  7:00  Stalker  
  32  7:01  Stalker  
  32  7:02  Zealot  
  32  7:04  Zealot  
Show
View Real Time Build Order
Export as new Build Order

Jason Terran - Winner!

Build Orders:  

Get SALT Encoding   

  12  0:00  SCV  
  13  0:13  SCV  
  14  0:19  Supply Depot  
  14  0:25  SCV  
  15  0:30  Refinery  
  15  0:41  SCV  
  16  0:48  Barracks  
  16  0:53  SCV  
  17  1:01  Refinery  
  17  1:05  SCV  
  18  1:17  SCV  
  19  1:37  Orbital Command  
  19  1:38  Barracks Reactor  
  19  1:42  Factory  
  19  1:49  Supply Depot  
  19  2:04  SCV  
  20  2:14  Marine  
  20  2:15  Marine  
  22  2:16  SCV  
  23  2:25  Factory Tech Lab  
  23  2:28  SCV  
  24  2:37  Starport  
  24  2:38  Marine x2  
  27  2:45  Siege Tank  
  27  2:51  Supply Depot  
  30  2:56  Marine x2  
  31  3:01  SCV  
  30  3:14  Marine  
  30  3:19  Marine  
  31  3:25  SCV  
  31  3:27  Medivac, Supply Depot  
  31  3:31  Siege Tank  
  36  3:40  Marine x2  
  38  3:42  SCV  
  38  3:58  Bunker  
  38  3:59  Marine x2  
  40  4:06  Viking  
  40  4:09  SCV  
  36  4:25  Marine  
  36  4:29  Marine  
  38  4:31  Bunker  
  38  4:35  Siege Tank  
  41  4:42  Marine  
  42  4:52  Marine  
  42  4:53  SCV  
  41  5:00  Marine  
  44  5:07  Siege Tank  
  44  5:08  SCV  
  44  5:10  Marine  
  46  5:18  Marine  
  46  5:21  SCV  
  41  5:33  Marine  
  41  5:35  Viking  
  44  5:36  SCV, Marine  
  46  5:53  Siege Tank  
  46  5:55  Bunker  
  47  6:01  Marine  
  47  6:06  Supply Depot  
  47  6:07  Marine  
  46  6:13  Supply Depot  
  46  6:19  Marine  
  46  6:21  Viking  
  41  6:33  Siege Tank  
  41  6:35  Marine  
  41  6:36  SCV, Marine  
  47  6:48  Bunker  
  46  6:58  Bunker  
  46  6:59  Bunker, Marine x2  
Tags
 
Add a new tag
Caveats
  • Supply blocks, unpowered buildings, or Contaminate may cause inaccurate times.
  • Supply counts are checked every 10 seconds.